 Dungeon Sprint DCSS version 0.21.1-1-g345015fe64 (webtiles) character file.

1028236 Jannitor the Conqueror (level 27, 147/179 HPs)
             Began as a Gargoyle Monk on Mar 29, 2018.
             Was the Champion of the Shining One.
             Starved to death
             ... in the Dungeon (Sprint IX: "|||||||||||||||||||||||||||||").
             The game lasted 01:08:14 (17024 turns).

Jannitor the Conqueror (Gargoyle Monk)             Turns: 17024, Time: 01:08:15

Health: 147/179    AC: 57    Str: 26    XL:     27
Magic:  54/54      EV: 19    Int: 18    God:    the Shining One [******]
Gold:   986        SH: 19    Dex: 12    Spells: 68/80 levels left

rFire    + . .     SeeInvis .   G - +9 sacred scourge (holy)
rCold    + + +     Gourm    +   I - +0 shield {rPois}
rNeg     + + +     Faith    .   n - +0 gold dragon scales
rPois    ∞         Spirit   .   X - +0 hat "Ywaxkya" {Slay+6}
rElec    +         Reflect  .   U - +0 cloak {MR+}
rCorr    .         Harm     .   Q - +1 pair of gloves
MR       +++..     Clarity  +   P - +1 pair of boots Stlth +.........NoTele +
                                V - amulet of Leykixt {Gourm +Blink}
HPRegen  0.39/turn              M - ring of Free Will {rElec rC+ Str+3 Int+4 Slay+3}
MPRegen  0.34/turn              F - ring of Eternal Harmony {rC+ rN+ Stlth+}

@: fainting, glowing
A: big wings, claws 1, talons 1, blurry vision 1, clarity, frail 1, mutation
resistance 1, negative energy resistance 1, shaggy fur 1, electricity
resistance, weak 1, unbreathing, petrification resistance, rot immunity, subdued
magic 1, AC +20
0: Orb of Zot
}: 17/15 runes: decaying, serpentine, barnacled, slimy, elven, silver, golden,
iron, obsidian, icy, bone, abyssal, glowing, magical, fiery, dark, gossamer
a: Fly, Divine Shield, Cleansing Flame, Summon Divine Warrior, Renounce
Religion, Evoke Blink


You were in the Dungeon.
You worshipped the Shining One.
The Shining One was exalted by your worship.
You were fainting.

You visited 1 branch You collected 1946 gold pieces.
You spent 960 gold pieces at shops.

Inventory:

Hand Weapons
 G - a +9 sacred scourge of holy wrath (weapon)
Missiles
 c - 2 javelins of penetration (quivered)
Armour
 b - +0 shadow dragon scales
 n - +0 gold dragon scales (worn)
 p - a +0 cloak
 H - the +3 crown of Dyrovepreva {rElec Int+2 SInv}
   (You found it in the Dungeon)

   It affects your intelligence (+2).
   It insulates you from electricity.
   It lets you see invisible.
 I - a +0 shield of poison resistance (worn)
 J - a +1 buckler of reflection
 P - a +1 pair of boots (worn)
 Q - a +1 pair of gloves (worn)
 R - the +2 chain mail "Vohot" {rPois Regen+ Str+3}
   (You found it in the Dungeon)

   It affects your strength (+3).
   It protects you from poison.
   It increases your rate of regeneration.
 U - a +0 cloak of magic resistance (worn)
 X - the +0 hat "Ywaxkya" (worn) {Slay+6}
   (You found it in the Dungeon)

   It affects your accuracy and damage with ranged weapons and melee attacks
   (+6).
Jewellery
 s - a +3 ring of intelligence {unknown}
 D - an uncursed ring of protection from cold
 E - an uncursed ring of protection from fire
 F - the ring of Eternal Harmony (right hand) {rC+ rN+ Stlth+}
   (You found it in the Dungeon)

   [ring of protection from cold]

   It protects you from cold.
   It protects you from negative energy.
   It makes you more stealthy.
 M - the ring of Free Will (left hand) {rElec rC+ Str+3 Int+4 Slay+3}
   (You found it in the Dungeon)

   [ring of slaying]

   It affects your strength (+3).
   It affects your intelligence (+4).
   It affects your accuracy and damage with ranged weapons and melee attacks
   (+3).
   It protects you from cold.
   It insulates you from electricity.
 N - a +4 ring of evasion
 O - a +4 ring of evasion
 T - the amulet of Jitoppa {Faith Str+2 Stlth+}
   (You found it in the Dungeon)

   [amulet of faith]

   It allows you to gain divine favour quickly.
   It affects your strength (+2).
   It makes you more stealthy.
 V - the amulet of Leykixt (around neck) {Gourm +Blink}
   (You found it in the Dungeon)

   [amulet of the gourmand]

   It allows you to eat raw meat even when not hungry.
   It lets you blink.
Wands
 m - a wand of iceblast (6)
 B - a wand of digging (19)
Scrolls
 i - 2 scrolls of blinking
 k - 7 scrolls of remove curse
 l - 3 scrolls of amnesia
 q - 6 scrolls of enchant armour
 w - 6 scrolls of fog
 x - 5 scrolls of identify
 y - 4 scrolls of enchant weapon
 S - 3 scrolls of fear
Potions
 a - a potion of brilliance
 f - 4 potions of haste
 g - 3 potions of magic
 h - a potion of berserk rage
 j - a potion of invisibility
 o - 3 potions of agility
 u - 4 potions of might
Books
 A - a book of Ice

   Spells                             Type                      Level
   a - Ice Form                       Ice/Transmutation            4
   b - Metabolic Englaciation         Hexes/Ice                    5
   c - Ozocubu's Refrigeration        Ice                          6
   d - Bolt of Cold                   Conjuration/Ice              6
   e - Freezing Cloud                 Conjuration/Ice/Air          6
   f - Simulacrum                     Ice/Necromancy               6
Miscellaneous
 z - a lamp of fire
 C - a lightning rod (4/4)
 L - a phantom mirror


   Skills:
 O Level 27 Fighting
 O Level 27 Maces & Flails
 O Level 27 Throwing
 O Level 27 Armour
 O Level 27 Dodging
 O Level 27 Stealth
 O Level 27 Shields
 O Level 27 Unarmed Combat
 O Level 27 Spellcasting
 O Level 27 Conjurations
 O Level 27 Necromancy
 O Level 27 Ice Magic
 O Level 27 Air Magic
 O Level 27 Invocations
 O Level 27 Evocations


You had 68 spell levels left.
You knew the following spells:

 Your Spells              Type           Power        Failure   Level  Hunger
a - Ozocubu's Refrigerat  Ice            #######...   1%          6    ###....
b - Bolt of Cold          Conj/Ice       #######...   1%          6    ###....


Dungeon Overview and Level Annotations

Branches:
Dungeon (1/1)

Altars:
Cheibriados
Dithmenos
Elyvilon
Fedhas
Gozag
Hepliaklqana
Kikubaaqudgha
Makhleb
Nemelex Xobeh
Okawaru
Qazlal
Ru
Sif Muna
Trog
Uskayaw
Vehumet
Wu Jian
Xom
Yredelemnul
Zin
The Shining One
Beogh
Jiyva
Lugonu

Shops:
D *:}(


Innate Abilities, Weirdness & Mutations

You are resistant to torment.
Your stone body is resilient. (AC +20)
You are immune to poison.
Your large and strong wings let you fly indefinitely.
You resist negative energy. (rN+)
You are resistant to electric shocks. (rElec)
You can survive without breathing.
You are immune to petrification.
You are immune to rotting.
You have sharp fingernails.
You have sharp toenails.
Scrolls take you a little longer to read.
You possess an exceptional clarity of mind.
You are frail. (-10% HP)
You are somewhat resistant to further mutation.
You are covered in fur. (AC +1)
You are weak. (Str -2)
Your spells are a little easier to cast, but a little less powerful.


Message History

You block the lorocyproca's attack.
Unknown command.
You thrash the lorocyproca!!
The lorocyproca convulses.
The lorocyproca is heavily wounded.
You block the lorocyproca's attack.
You hit the lorocyproca.
The lorocyproca convulses.
The lorocyproca is heavily wounded.
Your daeva calls down the wrath of the Shining One upon the lorocyproca.
The lorocyproca is smitten.
You thrash the lorocyproca!!
You kill the lorocyproca!
The Shining One accepts your kill.
You feel better.
You cannot train any new skill.
You closely miss the Orb Guardian.
Your daeva calls down the wrath of the Shining One upon the Orb Guardian.
The Orb Guardian is smitten.
You whack the Orb Guardian!
The Orb Guardian is moderately wounded.
You have starved to death.
You die...

A▓.▓.▓[▓.▓.▓.▓(▓.▓'▓.▓.▓.▓_▓
A▓.▓.▓[▓.▓.▓.▓(▓.▓[▓.▓'▓.▓'▓
A▓.▓.▓.▓§▓)▓.▓(▓[▓[▓[▓.▓.▓.▓
A▓.▓.▓(▓.▓[▓.▓[▓.▓[▓.▓.▓.▓.▓
A▓.▓2▓[▓.▓.▓.▓)▓.▓[▓.▓.▓.▓|▓
A▓.▓.▓[▓.▓'▓.▓(▓.▓[▓.▓.▓.▓)▓
A▓.▓.▓.▓.▓.▓.▓)▓A▓∩▓.▓.▓.▓.▓
A▓.▓.▓.▓[▓.▓.▓)▓.▓.▓.▓.▓.▓.▓
A▓.▓.▓(▓.▓.▓.▓.▓@▓∩▓.▓.▓.▓.▓
A▓.▓.▓(▓.▓.▓.▓.▓X▓.▓.▓.▓.▓.▓
A▓.▓.▓(▓.▓.▓.▓.▓X▓∩▓.▓.▓.▓.▓
A▓.▓.▓[▓.▓.▓.▓(▓h▓[▓.▓.▓.▓'▓
A▓.▓.▓[▓.▓.▓.▓(▓.▓∩▓.▓.▓.▓[▓
A▓)▓.▓.▓.▓.▓.▓.▓.▓(▓.▓.▓.▓.▓
A▓.▓.▓.▓.▓.▓.▓.▓.▓.▓.▓'▓.▓.▓
A▓.▓.▓[▓.▓'▓.▓.▓.▓.▓.▓.▓.▓.▓
A▓[▓.▓.▓.▓.▓.▓.▓.▓.▓.▓.▓.▓.▓


You could see 2 Orb Guardians, a hell hog and a friendly daeva.

Vanquished Creatures
  Cerebov (D)
  Asmodeus (D)
  Antaeus (D)
  the Royal Jelly (D)
  Ereshkigal (D)
  Gloorx Vloq (D)
  Mnoleg (D)
  Lom Lobon (D)
  A seraph (D)
  Dispater (D)
  4 orbs of fire (D)
  9 ancient liches (D)
  Boris (D)
  Sojobo (D)
  4 greater mummies (D)
  24 pandemonium lords (D)
  2 shard shrikes (D)
  Frederick (D)
  Margery (D)
  Geryon (D)
  Jory (D)
  7 golden dragons (D)
  Nikola (D)
  3 profane servitors (D)
  3 electric golems (D)
  A hellephant (D)
  7 Tzitzimimeh (D)
  3 Hell Sentinels (D)
  10 Brimstone Fiends (D)
  Rupert (D)
  5 Ice Fiends (D)
  2 tentacled monstrosities (D)
  66 Orb Guardians (D)
  2 liches (D)
  2 deep elf blademasters (D)
  Frances (D)
  9 acid blobs (D)
  A death cob (D)
  13 sphinxes (D)
  Kirke (D)
  2 Executioners (D)
  Agnes (D)
  8 storm dragons (D)
  7 shadow dragons (D)
  6 nagarajas (D)
  A draconian monk (D)
  3 tengu reavers (D)
  Ilsuiw (D)
  3 azure jellies (D)
  A frost giant (D)
  Louise (D)
  3 cacodemons (D)
  3 daevas (D)
  4 draconian shifters (D)
  3 draconian scorchers (D)
  2 ghost moths (D)
  Aizul (D)
  2 deep elf sorcerers (D)
  A vault warden (D)
  3 emperor scorpions (D)
  6 ironheart preservers (D)
  7 balrugs (D)
  A warmonger (D)
  An angel (D)
  3 draconian stormcallers (D)
  A very ugly thing (D)
  3 reapers (D)
  3 stone giants (D)
  3 black draconians (D)
  3 blood saints (D)
  7 vampire knights (D)
  A deep elf demonologist (D)
  A green draconian (D)
  3 purple draconians (D)
  Azrael (D)
  3 white draconians (D)
  2 spark wasps (D)
  4 lorocyprocas (D)
  3 yellow draconians (D)
  2 red draconians (D)
  2 deep elf annihilators (D)
  7 merfolk javelineers (D)
  4 blizzard demons (D)
  4 ettins (D)
  7 green deaths (D)
  4 deep elf death magi (D)
  2 mummy priests (D)
  4 death oozes (D)
  3 yaktaur captains (D)
  Josephine (D)
  2 merfolk impalers (D)
  Erolcha (D)
  8 fire dragons (D)
  2 rakshasas (D)
  3 deep elf high priests (D)
  2 naga warriors (D)
  A monstrous demonspawn (D)
  10 ice dragons (D)
  25 vault guards (D)
  A spriggan air mage (D)
  3 great orbs of eyes (D)
  5 hydras (D)
  5 hell beasts (D)
  An ogre mage (D)
  4 centaur warriors (D)
  An anaconda (D)
  2 merfolk aquamancers (D)
  An orc high priest (D)
  7 hell hogs (D)
  An alligator (D)
  A spriggan berserker (D)
  A tengu warrior (D)
  A deep troll earth mage (D)
  16 sun demons (D)
  4 hell knights (D)
  14 soul eaters (D)
  A shock serpent (D)
  A fire crab (shapeshifter) (D)
  16 sixfirhies (D)
  A spriggan druid (D)
  4 torturous demonspawn (D)
  A sea snake (D)
  A deep troll (D)
  A gelid demonspawn (D)
  A cherub (D)
  2 glowing orange brains (D)
  2 starcursed masses (D)
  5 infernal demonspawn (D)
  2 shambling mangroves (D)
  2 deep elf archers (D)
  6 shadow demons (D)
  7 swamp dragons (D)
  4 ironbrand convokers (D)
  3 necromancers (D)
  An orb spider (D)
  An ugly thing (D)
  A manticore (D)
  10 orc knights (D)
  A moth of wrath (shapeshifter) (D)
  4 wolf spiders (D)
  9 moths of wrath (D)
  2 toenail golems (D)
  3 naga magi (D)
  A cyclops (D)
  Joseph (D)
  Maurice (D)
  5 black mambas (D)
  A guardian serpent (D)
  4 vault sentinels (D)
  20 smoke demons (D)
  Psyche (D)
  16 orange demons (D)
  3 spiny frogs (D)
  5 hellions (D)
  20 rust devils (D)
  5 yaktaurs (D)
  An efreet (D)
  2 freezing wraiths (D)
  3 demonic crawlers (D)
  5 tormentors (D)
  A rime drake (D)
  18 hellwings (D)
  A wandering mushroom (D)
  An ancient zyme (D)
  22 guardian mummies (D)
  20 red devils (D)
  15 ice devils (D)
  A wind drake (D)
  4 large abominations (D)
  5 merfolk (D)
  5 hornets (D)
  3 jumping spiders (D)
  2 slime creatures (D)
  3 blink frogs (D)
  2 hippogriffs (D)
  A redback (shapeshifter) (D)
  6 wraiths (D)
  A flying skull (D)
  A yak (D)
  4 redbacks (D)
  11 spriggans (D)
  6 hogs (D)
  2 wyverns (D)
  10 ynoxinuls (D)
  2 golden eyes (D)
  A fire elemental (D)
  2 hungry ghosts (D)
  Grum (D)
  A basilisk (D)
  17 neqoxecs (D)
  A steam dragon (D)
  2 wargs (D)
  16 chaos spawn (D)
  2 acid dragons (D)
  3 nagas (D)
  A naga (shapeshifter) (D)
  2 water moccasins (D)
  A floating eye (D)
  2 porcupines (D)
  11 hell hounds (D)
  20 orc warriors (D)
  A swamp drake (D)
  7 wolves (D)
  4 eyes of draining (D)
  3 boggarts (D)
  2 crocodiles (D)
  3 small abominations (D)
  A big kobold (D)
  A wight (D)
  A howler monkey (D)
  10 crimson imps (D)
  5 quasits (D)
  4 orc priests (D)
  2 orc wizards (D)
  7 iron imps (D)
  An iguana (D)
  A worker ant (D)
  An adder (D)
  3 shadow imps (D)
  4 white imps (D)
  7 ufetubi (D)
  An adder skeleton (D)
  A ball lightning (D)
  A dart slug (D)
  6 orcs (D)
  A bat (D)
  A bat zombie (D)
  2 giant cockroaches (D)
  A goblin (D)
  A jackal (D)
  A bat simulacrum (D)
  A frilled lizard (D)
  A giant cockroach zombie (D)
  A kobold (D)
  A crawling corpse (D)
  A lurking horror (D)
976 creatures vanquished.

Vanquished Creatures (collateral kills)
  2 pandemonium lords (D)
  2 Orb Guardians (D)
  An acid blob (D)
  A storm dragon (D)
  3 vampire knights (D)
  A green draconian (D)
  A fire dragon (D)
  A monstrous demonspawn (D)
  A soul eater (D)
  A sun demon (D)
  A sixfirhy (D)
  A rust devil (D)
  A tormentor (D)
  An ice devil (D)
  A hellwing (D)
  4 red devils (D)
  A raiju (D)
  2 snapping turtles (D)
  A spriggan (D)
  A ynoxinul (D)
  An eye of draining (D)
  2 shadow imps (D)
  A white imp (D)
  A block of ice (D)
  3 crawling corpses (D)
36 creatures vanquished.

Vanquished Creatures (others)
  An Orb Guardian (D)
  A death cob (D)
  A hydra (D)
  A centaur warrior (D)
  An orange demon (D)
  2 chaos spawn (D)
  2 swamp drakes (D)
  A quasit (D)
  11 ball lightnings (D)
  2 blocks of ice (D)
23 creatures vanquished.

Grand Total: 1035 creatures vanquished

Notes
Turn   | Place    | Note
-------+----------+-------------------------------------------
     0 | D        | Jannitor the Gargoyle Monk began the quest for the Orb.
     0 | D        | Reached XP level 1. HP: 14/14 MP: 1/1
     5 | D        | Reached skill level 1 in Armour
    22 | D        | Reached XP level 2. HP: 17/20 MP: 2/2
    75 | D        | Reached skill level 5 in Fighting
    75 | D        | Reached XP level 3. HP: 23/26 MP: 3/3
   176 | D        | Found a roughly hewn altar of Beogh.
   176 | D        | Found a snail-covered altar of Cheibriados.
   176 | D        | Found a shadowy altar of Dithmenos.
   176 | D        | Found a white marble altar of Elyvilon.
   176 | D        | Found a blossoming altar of Fedhas.
   176 | D        | Found an opulent altar of Gozag.
   177 | D        | Found a hazy altar of Hepliaklqana.
   178 | D        | Found a viscous altar of Jiyva.
   179 | D        | Found an ancient bone altar of Kikubaaqudgha.
   180 | D        | Found a corrupted altar of Lugonu.
   181 | D        | Found a burning altar of Makhleb.
   182 | D        | Found a sparkling altar of Nemelex Xobeh.
   183 | D        | Found an iron altar of Okawaru.
   184 | D        | Found a stormy altar of Qazlal.
   185 | D        | Found a sacrificial altar of Ru.
   186 | D        | Found a deep blue altar of Sif Muna.
   187 | D        | Found a bloodstained altar of Trog.
   188 | D        | Found a hide-covered altar of Uskayaw.
   189 | D        | Found a radiant altar of Vehumet.
   190 | D        | Found an ornate altar of the Wu Jian Council.
   191 | D        | Found a shimmering altar of Xom.
   192 | D        | Became a worshipper of Qazlal Stormbringer
   192 | D        | Reached * piety under Qazlal
   192 | D        | Reached ** piety under Qazlal
   193 | D        | Found a basalt altar of Yredelemnul.
   194 | D        | Found a glowing silver altar of Zin.
   195 | D        | Found a glowing golden altar of the Shining One.
   246 | D        | Noticed a crocodile
   272 | D        | Reached skill level 5 in Maces & Flails
   272 | D        | Reached XP level 4. HP: 32/32 MP: 3/5
   277 | D        | Reached *** piety under Qazlal
   279 | D        | Reached skill level 5 in Armour
   279 | D        | Reached XP level 5. HP: 37/37 MP: 3/7
   286 | D        | Killed a crocodile
   345 | D        | Noticed an orc warrior
   345 | D        | Noticed an eye of draining
   345 | D        | Noticed a big kobold
   345 | D        | Noticed an orc warrior
   346 | D        | Reached skill level 5 in Invocations
   346 | D        | Reached XP level 6. HP: 44/44 MP: 9/9
   349 | D        | Killed an orc warrior
   349 | D        | Killed an eye of draining
   349 | D        | Reached **** piety under Qazlal
   373 | D        | Reached XP level 7. HP: 26/50 MP: 3/12
   589 | D        | Noticed Psyche
   592 | D        | Killed Psyche
   592 | D        | Reached skill level 10 in Fighting
   592 | D        | Reached XP level 8. HP: 57/57 MP: 4/14
   785 | D        | Noticed a spiny frog
   785 | D        | Noticed a wyvern
   785 | D        | Noticed a wyvern
   785 | D        | Noticed a blink frog
   787 | D        | Killed a spiny frog
   787 | D        | Reached skill level 10 in Armour
   792 | D        | Reached skill level 10 in Maces & Flails
   793 | D        | Noticed a spiny frog
   801 | D        | Killed a wyvern
   814 | D        | Killed a wyvern
   815 | D        | Reached skill level 10 in Invocations
   815 | D        | Reached XP level 9. HP: 45/64 MP: 9/16
   832 | D        | Killed a spiny frog
  1000 | D        | Noticed a rime drake
  1000 | D        | Noticed a spiny frog
  1001 | D        | Reached ***** piety under Qazlal
  1014 | D        | Killed a rime drake
  1019 | D        | Killed a spiny frog
  1028 | D        | Reached XP level 10. HP: 52/72 MP: 16/18
  1186 | D        | Reached ****** piety under Qazlal
  1275 | D        | Noticed Grum
  1278 | D        | Killed Grum
  1291 | D        | Reached skill level 5 in Dodging
  1398 | D        | Noticed an orc knight
  1399 | D        | Noticed an orc high priest
  1400 | D        | Noticed a soul eater
  1406 | D        | Killed an orc high priest
  1410 | D        | Killed an orc knight
  1415 | D        | Noticed an orc knight
  1437 | D        | Killed an orc knight
  1437 | D        | Reached XP level 11. HP: 61/79 MP: 7/20
  1543 | D        | Noticed an orc knight
  1543 | D        | Noticed an orc knight
  1550 | D        | Killed an orc knight
  1556 | D        | Killed an orc knight
  1720 | D        | Noticed an orc knight
  1737 | D        | Killed an orc knight
  1796 | D        | Found Ytsocukho's Assorted Antiques.
  1810 | D        | Noticed an orc knight
  1811 | D        | Found Puimaten's Book Shoppe.
  1819 | D        | Found Ucazxy's Gadget Emporium.
  1832 | D        | Killed an orc knight
  1837 | D        | Found Geruuvoth's Antique Weapon Shoppe.
  1840 | D        | Noticed an orc knight
  1842 | D        | Noticed an orc knight
  1854 | D        | Killed an orc knight
  1868 | D        | Killed an orc knight
  1868 | D        | Reached skill level 15 in Fighting
  2108 | D        | Noticed Joseph
  2163 | D        | Bought a lamp of fire for 480 gold pieces
  2163 | D        | Bought a lightning rod (4/4) for 480 gold pieces
  2173 | D        | Killed Joseph
  2401 | D        | Noticed Erolcha
  2404 | D        | Killed Erolcha
  2404 | D        | Reached skill level 1 in Evocations
  2502 | D        | Noticed Maurice
  2712 | D        | Found the +3 crown of Dyrovepreva {rElec Int+2 SInv}
  2845 | D        | Noticed an orc knight
  2845 | D        | Noticed a manticore
  2849 | D        | Noticed a centaur warrior
  2849 | D        | Killed a manticore
  2849 | D        | Reached skill level 1 in Shields
  2852 | D        | Noticed a fire dragon
  2863 | D        | Killed an orc knight
  2863 | D        | Reached skill level 15 in Armour
  2863 | D        | Reached XP level 12. HP: 85/88 MP: 14/22
  2865 | D        | Noticed a centaur warrior
  2878 | D        | Killed a centaur warrior
  2879 | D        | Noticed an ice dragon
  2887 | D        | Noticed a rakshasa
  2900 | D        | Killed a fire dragon
  2910 | D        | Killed a centaur warrior
  2934 | D        | Reached skill level 15 in Invocations
  2935 | D        | Killed a rakshasa
  2935 | D        | Reached skill level 5 in Shields
  2941 | D        | Killed an ice dragon
  2941 | D        | Reached skill level 5 in Evocations
  3244 | D        | Noticed Frances
  3248 | D        | Killed Frances
  3348 | D        | Noticed Rupert
  3358 | D        | Killed Rupert
  3363 | D        | Noticed Agnes
  3380 | D        | Killed Agnes
  3380 | D        | Reached skill level 10 in Dodging
  3380 | D        | Reached XP level 13. HP: 76/95 MP: 12/24
  3630 | D        | Reached skill level 10 in Shields
  3680 | D        | Noticed Josephine
  3687 | D        | Killed Josephine
  3689 | D        | Noticed Aizul
  3703 | D        | Killed Aizul
  3742 | D        | Killed Maurice
  3773 | D        | Noticed a frost giant
  3773 | D        | Noticed a vampire knight
  3773 | D        | Noticed an ettin
  3773 | D        | Noticed an ettin
  3776 | D        | Killed an ettin
  3777 | D        | Killed a vampire knight
  3786 | D        | Killed an ettin
  3786 | D        | Gained mutation: Your large and strong wings let you fly indefinitely. [Gargoyle growth]
  3786 | D        | Reached XP level 14. HP: 68/104 MP: 15/26
  3789 | D        | Killed a frost giant
  3832 | D        | Reached skill level 10 in Evocations
  4057 | D        | Noticed a green very ugly thing
  4068 | D        | Killed a green very ugly thing
  4214 | D        | Noticed an ironheart preserver
  4217 | D        | Noticed a stone giant
  4230 | D        | Killed an ironheart preserver
  4232 | D        | Noticed a sphinx
  4241 | D        | Killed a stone giant
  4254 | D        | Killed a sphinx
  4443 | D        | Noticed Frederick
  4452 | D        | Killed Frederick
  4529 | D        | Got the +2 chain mail "Vohot" {rPois Regen+ Str+3}
  4734 | D        | Noticed Kirke
  4739 | D        | Reached XP level 15. HP: 111/111 MP: 28/28
  4744 | D        | Killed Kirke
  4788 | D        | Noticed an emperor scorpion
  4788 | D        | Noticed a ghost moth
  4801 | D        | Noticed an emperor scorpion
  4801 | D        | Killed an emperor scorpion
  4806 | D        | Killed a ghost moth
  4807 | D        | Noticed an emperor scorpion
  4812 | D        | Noticed a ghost moth
  4818 | D        | Killed an emperor scorpion
  4827 | D        | Killed an emperor scorpion
  4830 | D        | Killed a ghost moth
  4835 | D        | Got a gossamer rune of Zot
  4977 | D        | Reached skill level 15 in Shields
  5011 | D        | Noticed Ilsuiw
  5021 | D        | Killed Ilsuiw
  5111 | D        | Got a barnacled rune of Zot
  5127 | D        | Got a decaying rune of Zot
  5148 | D        | Noticed a nagaraja
  5148 | D        | Noticed a nagaraja
  5148 | D        | Noticed a nagaraja
  5148 | D        | Noticed a nagaraja
  5152 | D        | Killed a nagaraja
  5153 | D        | Noticed a nagaraja
  5156 | D        | Killed a nagaraja
  5156 | D        | Reached XP level 16. HP: 92/121 MP: 30/30
  5163 | D        | Killed a nagaraja
  5163 | D        | Reached skill level 15 in Dodging
  5164 | D        | Noticed a nagaraja
  5170 | D        | Killed a nagaraja
  5174 | D        | Killed a nagaraja
  5185 | D        | Killed a nagaraja
  5274 | D        | Got a serpentine rune of Zot
  5307 | D        | Noticed a tengu reaver
  5313 | D        | Noticed Sojobo
  5315 | D        | Noticed a tengu reaver
  5319 | D        | Killed a tengu reaver
  5339 | D        | Killed Sojobo
  5339 | D        | Reached skill level 15 in Evocations
  5354 | D        | Killed a tengu reaver
  5387 | D        | Noticed Jory
  5409 | D        | Killed Jory
  5610 | D        | Reached XP level 17. HP: 129/129 MP: 20/32
  5734 | D        | Noticed a golden dragon
  5734 | D        | Noticed a lich
  5734 | D        | Noticed an ancient lich
  5737 | D        | Killed a lich
  5740 | D        | Noticed a tentacled monstrosity
  5742 | D        | Killed an ancient lich
  5751 | D        | Killed a golden dragon
  5756 | D        | Killed a tentacled monstrosity
  5783 | D        | Got a silver rune of Zot
  5788 | D        | Got a glittering lead ring
  5792 | D        | Identified the ring of Eternal Harmony {rC+ rN+ Stlth+} (You found it in the Dungeon)
  5875 | D        | Noticed Nikola
  5881 | D        | Noticed Boris
  5892 | D        | Killed Nikola
  5894 | D        | Killed Boris
  6058 | D        | Noticed Margery
  6083 | D        | Killed Margery
  6148 | D        | Noticed Azrael
  6154 | D        | Killed Azrael
  6267 | D        | Got the ring of Free Will {rElec rC+ Str+3 Int+4 Slay+3}
  6269 | D        | Got the amulet of Jitoppa {Faith Str+2 Stlth+}
  6271 | D        | Got the ring "Yntoel" {rF- rN+++ Str+10 Int+3}
  6273 | D        | Got the amulet of Leykixt {Gourm +Blink}
  6275 | D        | Got the ring "Iradafip" {+Fly rPois MR- Int+10 Slay-4}
  6300 | D        | Got the +0 hat "Ywaxkya" {Slay+6}
  6344 | D        | Got the +5 demon whip of Bodily Harmony {flame, rF+}
  6444 | D        | Noticed Louise
  6456 | D        | Killed Louise
  6456 | D        | Reached XP level 18. HP: 140/140 MP: 34/34
  6527 | D        | Noticed a golden dragon
  6531 | D        | Killed a golden dragon
  6533 | D        | Noticed a golden dragon
  6545 | D        | Killed a golden dragon
  7983 | D        | Fell from the grace of Qazlal
  7983 | D        | Became a worshipper of the Shining One
  9324 | D        | Reached * piety under the Shining One
  9354 | D        | Reached ** piety under the Shining One
  9593 | D        | Reached *** piety under the Shining One
  9593 | D        | Noticed a golden dragon
  9607 | D        | Reached **** piety under the Shining One
  9609 | D        | Killed a golden dragon
  9749 | D        | Noticed a golden dragon
  9749 | D        | Noticed a golden dragon
  9749 | D        | Reached ***** piety under the Shining One
  9760 | D        | Killed a golden dragon
  9761 | D        | Reached XP level 19. HP: 136/150 MP: 27/36
  9773 | D        | Killed a golden dragon
  9912 | D        | Reached ****** piety under the Shining One
  9918 | D        | Reached skill level 27 in Fighting
  9924 | D        | Reached skill level 27 in Armour
  9927 | D        | Reached skill level 27 in Invocations
 10101 | D        | Identified a +3 sacred scourge of holy wrath (a +1 demon whip of electrocution blessed by the Shining One)
 10101 | D        | Received a gift from the Shining One
 10204 | D        | Noticed an ancient lich
 10210 | D        | Killed an ancient lich
 10213 | D        | Noticed an orb of fire
 10216 | D        | Noticed an electric golem
 10220 | D        | Gained mutation: Your body sometimes deteriorates upon taking damage. [an orb of fire]
 10221 | D        | Killed an orb of fire
 10221 | D        | Reached skill level 27 in Shields
 10230 | D        | Killed an electric golem
 10367 | D        | Noticed an electric golem
 10367 | D        | Noticed an ancient lich
 10367 | D        | Noticed an ancient lich
 10367 | D        | Noticed a golden dragon
 10367 | D        | Noticed an electric golem
 10371 | D        | Noticed a Brimstone Fiend
 10376 | D        | Killed an ancient lich
 10376 | D        | Reached XP level 20. HP: 157/157 MP: 37/37
 10377 | D        | Killed an electric golem
 10380 | D        | Killed an ancient lich
 10381 | D        | Noticed an ancient lich
 10382 | D        | Noticed an orb of fire
 10386 | D        | Noticed an ancient lich
 10388 | D        | Noticed an ancient lich
 10397 | D        | Killed an ancient lich
 10412 | D        | Gained mutation: You have sharp toenails. [an orb of fire]
 10414 | D        | Killed an orb of fire
 10418 | D        | Killed an ancient lich
 10423 | D        | Noticed a Brimstone Fiend
 10426 | D        | Killed an ancient lich
 10427 | D        | Killed a golden dragon
 10427 | D        | Reached skill level 27 in Evocations
 10428 | D        | Noticed an orb of fire
 10442 | D        | Gained mutation: You are resistant to hostile enchantments. (MR+) [an orb of fire]
 10447 | D        | Gained mutation: You have sharp fingernails. [an orb of fire]
 10449 | D        | Gained mutation: Your magical capacity is low. (-10% MP) [an orb of fire]
 10451 | D        | Killed an orb of fire
 10459 | D        | Killed an electric golem
 10459 | D        | Reached skill level 27 in Dodging
 10459 | D        | Reached skill level 5 in Spellcasting
 10462 | D        | Noticed an orb of fire
 10479 | D        | Gained mutation: You are weak. (Str -2) [an orb of fire]
 10487 | D        | Killed an orb of fire
 10487 | D        | Reached skill level 10 in Spellcasting
 10769 | D        | Reached skill level 15 in Spellcasting
 10776 | D        | Reached XP level 21. HP: 73/163 MP: 34/37
 11159 | D        | Got the Orb of Zot
 11399 | D        | Noticed Seavuony the pandemonium lord
 11401 | D        | Noticed Oriutaom the pandemonium lord
 11408 | D        | Killed Seavuony the pandemonium lord
 11423 | D        | Killed Oriutaom the pandemonium lord
 11660 | D        | Noticed Haw Izxu the pandemonium lord
 11673 | D        | Killed Haw Izxu the pandemonium lord
 11673 | D        | Reached skill level 15 in Maces & Flails
 11798 | D        | Noticed an ancient lich
 11811 | D        | Killed an ancient lich
 11965 | D        | Got an elven rune of Zot
 12038 | D        | Noticed the Royal Jelly
 12050 | D        | Killed the Royal Jelly
 12050 | D        | Reached XP level 22. HP: 149/169 MP: 41/47
 12094 | D        | Got a slimy rune of Zot
 12098 | D        | Reached skill level 27 in Spellcasting
 12501 | D        | Reached skill level 27 in Maces & Flails
 12501 | D        | Reached skill level 5 in Stealth
 12511 | D        | Reached skill level 10 in Stealth
 12519 | D        | Learned a level 6 spell: Ozocubu's Refrigeration
 12526 | D        | Learned a level 6 spell: Bolt of Cold
 12537 | D        | Reached skill level 5 in Conjurations
 12537 | D        | Reached skill level 5 in Ice Magic
 12797 | D        | Noticed a shard shrike
 12803 | D        | Killed a shard shrike
 12948 | D        | Noticed a greater mummy
 12948 | D        | Noticed a greater mummy
 12949 | D        | Noticed a greater mummy
 12954 | D        | Noticed a greater mummy
 12964 | D        | Killed a greater mummy
 12964 | D        | Reached skill level 10 in Ice Magic
 12970 | D        | Killed a greater mummy
 12970 | D        | Killed a greater mummy
 12975 | D        | Killed a greater mummy
 12975 | D        | Reached skill level 15 in Conjurations
 12978 | D        | Got a golden rune of Zot
 13143 | D        | Got an abyssal rune of Zot
 13222 | D        | Reached skill level 15 in Ice Magic
 13226 | D        | Noticed a shard shrike
 13239 | D        | Killed a shard shrike
 13468 | D        | Gained mutation: Your spells are a little easier to cast, but a little less powerful. [a cacodemon]
 13668 | D        | Reached XP level 23. HP: 161/175 MP: 48/48
 13678 | D        | Noticed Geryon
 13690 | D        | Killed Geryon
 13692 | D        | Noticed Antaeus
 13692 | D        | Noticed Cerebov
 13699 | D        | Noticed Asmodeus
 13701 | D        | Noticed Mnoleg
 13718 | D        | Killed Antaeus
 13719 | D        | Noticed Dispater
 13736 | D        | Killed Cerebov
 13763 | D        | Killed Asmodeus
 13770 | D        | Killed Mnoleg
 13791 | D        | Killed Dispater
 13797 | D        | Got a fiery rune of Zot
 13801 | D        | Got an icy rune of Zot
 13808 | D        | Got an obsidian rune of Zot
 13810 | D        | Noticed Gloorx Vloq
 13812 | D        | Noticed Ereshkigal
 13826 | D        | Killed Gloorx Vloq
 13826 | D        | Reached skill level 27 in Conjurations
 13846 | D        | Killed Ereshkigal
 13846 | D        | Reached skill level 27 in Ice Magic
 13847 | D        | Got a glowing rune of Zot
 13851 | D        | Got an iron rune of Zot
 13853 | D        | Noticed Lom Lobon
 13879 | D        | Got a magical rune of Zot
 13883 | D        | Got a bone rune of Zot
 13909 | D        | Killed Lom Lobon
 13935 | D        | Got a dark rune of Zot
 13961 | D        | Lost mutation: You are resistant to hostile enchantments. (MR+) [a neqoxec]
 14003 | D        | Lost mutation: You are weak. (Str -2) [potion of mutation]
 14003 | D        | Lost mutation: Your body sometimes deteriorates upon taking damage. [potion of mutation]
 14003 | D        | Lost mutation: Your magical capacity is low. (-10% MP) [potion of mutation]
 14003 | D        | Gained mutation: Scrolls take you a little longer to read. [potion of mutation]
 14003 | D        | Gained mutation: You are covered in fur. (AC +1) [potion of mutation]
 14003 | D        | Gained mutation: You possess an exceptional clarity of mind. [potion of mutation]
 14160 | D        | Reached skill level 15 in Stealth
 14160 | D        | Reached skill level 10 in Unarmed Combat
 14167 | D        | Reached XP level 24. HP: 178/181 MP: 54/54
 14205 | D        | Reached skill level 10 in Throwing
 14215 | D        | Paralysed by you for 4 turns
 14245 | D        | Noticed Hosepyst the pandemonium lord
 14258 | D        | Killed Hosepyst the pandemonium lord
 14285 | D        | Noticed Kefok the pandemonium lord
 14300 | D        | Killed Kefok the pandemonium lord
 14300 | D        | Reached skill level 15 in Unarmed Combat
 14360 | D        | Reached skill level 15 in Throwing
 14436 | D        | Was forgiven by Qazlal
 14465 | D        | Noticed Yckarghe the pandemonium lord
 14471 | D        | Killed Yckarghe the pandemonium lord
 14570 | D        | Paralysed by you for 2 turns
 14628 | D        | Noticed Kaebor the pandemonium lord
 14648 | D        | Gained mutation: You are frail. (-10% HP) [a neqoxec]
 14649 | D        | Gained mutation: You are somewhat resistant to further mutation. [a neqoxec]
 14659 | D        | Killed Kaebor the pandemonium lord
 14730 | D        | Noticed Huefio the pandemonium lord
 14740 | D        | Killed Huefio the pandemonium lord
 14782 | D        | Noticed Ylakit the pandemonium lord
 14801 | D        | Killed Ylakit the pandemonium lord
 14879 | D        | Noticed Ruhohoh the pandemonium lord
 14897 | D        | Killed Ruhohoh the pandemonium lord
 14897 | D        | Reached skill level 27 in Stealth
 14897 | D        | Reached XP level 25. HP: 154/168 MP: 54/54
 14915 | D        | Noticed Langim the pandemonium lord
 14925 | D        | Killed Langim the pandemonium lord
 15107 | D        | Gained mutation: You are weak. (Str -2) [a neqoxec]
 15202 | D        | Noticed Egiaruz the pandemonium lord
 15219 | D        | Killed Egiaruz the pandemonium lord
 15243 | D        | Reached skill level 27 in Unarmed Combat
 15281 | D        | Noticed Huaruapruy the pandemonium lord
 15293 | D        | Killed Huaruapruy the pandemonium lord
 15330 | D        | Noticed an ancient lich
 15339 | D        | Killed an ancient lich
 15339 | D        | Reached skill level 27 in Throwing
 15406 | D        | Noticed Heguhin the pandemonium lord
 15414 | D        | Killed Heguhin the pandemonium lord
 15509 | D        | Noticed Neps the pandemonium lord
 15510 | D        | Noticed Atutriu the pandemonium lord
 15532 | D        | Killed Atutriu the pandemonium lord
 15541 | D        | Killed Neps the pandemonium lord
 15591 | D        | Noticed Harir the pandemonium lord
 15603 | D        | Killed Harir the pandemonium lord
 15603 | D        | Reached XP level 26. HP: 135/173 MP: 54/54
 15649 | D        | Noticed Xyrekhepn the pandemonium lord
 15661 | D        | Killed Xyrekhepn the pandemonium lord
 15742 | D        | Noticed Byikaeh the pandemonium lord
 15767 | D        | Killed Byikaeh the pandemonium lord
 15892 | D        | Noticed Woemais the pandemonium lord
 15994 | D        | Killed Woemais the pandemonium lord
 16083 | D        | Noticed Peunod the pandemonium lord
 16089 | D        | Killed Peunod the pandemonium lord
 16139 | D        | Noticed Heipapli the pandemonium lord
 16153 | D        | Killed Heipapli the pandemonium lord
 16219 | D        | Reached skill level 27 in Necromancy
 16247 | D        | Noticed Orghyehib the pandemonium lord
 16258 | D        | Killed Orghyehib the pandemonium lord
 16453 | D        | Noticed Dupo the pandemonium lord
 16470 | D        | Killed Dupo the pandemonium lord
 16686 | D        | Noticed Heif the pandemonium lord
 16706 | D        | Killed Heif the pandemonium lord
 16735 | D        | Reached XP level 27. HP: 144/179 MP: 52/54
 16813 | D        | Noticed Dudayfeff the pandemonium lord
 16827 | D        | Killed Dudayfeff the pandemonium lord
 16864 | D        | Noticed a seraph
 16883 | D        | Killed a seraph
 16909 | D        | Paralysed by you for 2 turns
 16915 | D        | Paralysed by fainting for 10 turns
 16978 | D        | Paralysed by fainting for 10 turns
 17017 | D        | Reached skill level 27 in Air Magic
 17024 | D        | Starved to death

Skill      XL: |  1  2  3  4  5  6  7  8  9 10 11 12 13 14 15 16 17 18 19 20 21 22 23 24 25 26 27 |
---------------+----------------------------------------------------------------------------------+-----
Armour         | 2 3 4 5 6 8 9 10 12 13 15 16 17 19 21 22 24 26 27 | 27.0
Fighting       | 4 5 6 7 8 10 11 12 13 15 16 18 19 21 22 24 26 27 | 27.0
Maces & Flails | 4 5 7 8 9 10 11 12 14 22 27 | 27.0
Invocations    | 2 3 5 6 8 10 11 13 14 15 17 18 20 22 24 26 27 | 27.0
Dodging        | 3 6 8 10 11 13 14 16 18 20 23 27 | 27.0
Evocations     | 2 6 9 12 14 16 18 20 24 27 | 27.0
Shields        | 2 7 11 13 16 19 21 23 27 | 27.0
Spellcasting   | 16 26 27 | 27.0
Stealth        | 10 15 27 | 27.0
Conjurations   | 19 27 | 27.0
Ice Magic      | 18 27 | 27.0
Throwing       | 9 21 27 | 27.0
Unarmed Combat | 10 22 27 | 27.0
Necromancy     | 27 | 27.0
Air Magic      | 27 | 27.0

Action                   |  1- 3 |  4- 6 |  7- 9 | 10-12 | 13-15 | 16-18 | 19-21 | 22-24 | 25-27 || total
-------------------------+-------+-------+-------+-------+-------+-------+-------+-------+-------++-------
Melee: Mace              |    37 |       |       |       |       |       |       |       |       ||    37
       Dire flail        |    26 |    19 |    75 |   241 |       |       |       |       |       ||   361
       Demon whip        |       |       |       |    73 |   292 |   351 |       |       |       ||   716
       Morningstar       |       |       |       |       |       |    48 |    79 |       |       ||   127
       Sacred scourge    |       |       |       |       |       |       |   362 |   765 |   882 ||  2009
       Unarmed           |       |       |       |       |       |       |       |       |    14 ||    14
 Cast: Bolt of Cold      |       |       |       |       |       |       |       |       |     2 ||     2
Invok: Upheaval          |       |     1 |     8 |    30 |    10 |    25 |       |       |       ||    74
       Disaster Area     |       |       |       |     1 |     1 |     5 |       |       |       ||     7
       Elemental Force   |       |       |       |     1 |     4 |     3 |       |       |       ||     8
       Divine Shield     |       |       |       |       |       |     1 |     4 |     8 |     3 ||    16
       Summon Divine War |       |       |       |       |       |     1 |    11 |    16 |     7 ||    35
       Cleansing Flame   |       |       |       |       |       |       |    10 |    15 |     7 ||    32
       Brand Weapon With |       |       |       |       |       |       |     1 |       |       ||     1
Evoke: Wand              |       |     3 |     1 |       |       |       |     3 |       |       ||     7
       Lightning rod     |       |       |       |     4 |     2 |     2 |       |       |       ||     8
       Lamp of fire      |       |       |       |     2 |    21 |    24 |     7 |     3 |     1 ||    58
  Use: Potion            |       |       |       |     1 |     2 |       |     4 |    21 |    11 ||    39
       Scroll            |       |       |       |       |       |       |     7 |       |       ||     7
 Stab: Sleeping          |     2 |       |       |       |       |       |       |       |       ||     2
       Confused          |       |       |       |       |     1 |       |       |       |       ||     1
  Eat: Chunk             |       |       |       |     8 |     7 |     9 |     4 |     2 |       ||    30
       Ration            |       |       |       |       |       |     3 |     2 |     4 |     2 ||    11
Armor: Robe              |    13 |       |       |       |       |       |       |       |       ||    13
       Chain mail        |    33 |     8 |    38 |    74 |    29 |    66 |       |       |       ||   248
       Shadow dragon sca |       |       |       |    15 |    38 |       |       |       |       ||    53
       Gold dragon scale |       |       |       |       |       |    24 |   102 |   167 |   180 ||   473
       Skin              |       |       |       |       |       |       |       |       |     2 ||     2
Dodge: Dodged            |    50 |     7 |    27 |    69 |    86 |    87 |    96 |   130 |   161 ||   713
       Deflected         |       |       |     3 |     6 |     3 |     3 |       |       |       ||    15
Block: Other             |     2 |     1 |    15 |    52 |       |       |       |       |       ||    70
       Buckler           |       |       |       |    35 |    70 |       |       |       |       ||   105
       Reflection        |       |       |       |     3 |     4 |       |       |       |       ||     7
       Shield            |       |       |       |       |    83 |   223 |   234 |   393 |   392 ||  1325
